AoeStats
← joosephy

Fortress

508006413Analyzed
4v4 RM · 13d ago on Sep 20, 2026· 91m 36s· 8 players
Game mode
Random Map
Map size
Huge
Population
200
Speed
Normal
Resources
Standard
Victory
Conquest
Starting age
Dark Age
Ending age
Imperial Age
RankedLock teamsTeams togetherTeam positionsShared explorationLock speedFull tech treeHidden civsTurbo modeCheats
Victory
Defeat
🇨🇳 Magyars · China
1595
+15
🇨🇳 Wei · China
1550
+16
🇹🇼 Persians · Taiwan
1538
+17
🇨🇳 Vietnamese · China
1513
+18
1626
-19
🇹🇼 Slavs · Taiwan
1549
-16
🇹🇼 Persians · Taiwan
1547
-16
🇹🇼 Turks · Taiwan
1514
-15
joosephy
7:05 Feudal Age
10:43 Castle Age
8:53 Double-Bit Axe
10:09 Horse Collar
18:01 Wheelbarrow
21:02 Town Watch
21:01 Man-at-Arms
25:21 Imperial Age
23:11 Scale Barding Armor
24:03 Forging
24:14 Chain Barding Armor
25:35 Iron Casting
26:31 Plate Barding Armor
26:00 Husbandry
26:15 Bloodlines
26:15 Cavalier
26:35 Heavy Camel Rider
27:12 Loom
29:18 Hand Cart
30:19 Bow Saw
30:38 Heavy Plow
31:51 Savar
32:32 Light Cavalry
35:45 Blast Furnace
34:37 Fletching
38:01 Squires
37:44 Pikeman
38:30 Scale Mail Armor
38:26 Bodkin Arrow
38:22 Halberdier
40:43 Hussar
44:07 Parthian Tactics
44:59 Masonry
45:44 Thumb Ring
49:47 Gambesons
50:55 Conscription
51:25 Kamandaran
51:59 Crop Rotation
51:16 Capped Ram
53:09 Murder Holes
54:15 Chemistry
55:19 Block Printing
57:53 Heated Shot
59:09 Stone Mining
68:43 Siege Ram
76:14 Caravan
old f1sh
7:34 Feudal Age
11:09 Castle Age
9:21 Double-Bit Axe
10:33 Horse Collar
12:46 Bow Saw
18:03 Wheelbarrow
20:59 Hand Cart
21:28 Heavy Plow
22:47 Gold Mining
27:40 Imperial Age
25:22 Husbandry
26:16 Scale Barding Armor
26:07 Loom
26:22 Stone Mining
27:07 Gold Shaft Mining
26:48 Bloodlines
27:31 Chain Barding Armor
27:28 Padded Archer Armor
27:18 Fletching
28:23 Caravan
28:17 Cavalier
30:26 Plate Barding Armor
29:41 Paladin
30:34 Bodkin Arrow
31:08 Conscription
33:27 Heavy Cavalry Archer
34:33 Parthian Tactics
34:16 Corvinian Army
34:59 Coinage
37:02 Leather Archer Armor
36:47 Bracer
37:27 Elite Magyar Huszar
38:44 Hoardings
39:20 Thumb Ring
40:01 Siege Engineers
40:07 Masonry
40:45 Treadmill Crane
41:42 Recurve Bow
44:30 Chemistry
45:44 Ballistics
49:03 Ring Archer Armor
50:39 Two-Man Saw
50:10 Crop Rotation
50:25 Scale Mail Armor
50:22 Murder Holes
50:56 Pikeman
52:20 Banking
54:37 Guard Tower
56:39 Light Cavalry
57:36 Chain Mail Armor
69:47 Town Watch
74:35 Hussar
82:29 Sappers
涅槃重生
8:22 Feudal Age
12:11 Castle Age
10:32 Loom
10:49 Double-Bit Axe
10:57 Gold Mining
10:48 Horse Collar
11:42 Fletching
13:14 Bodkin Arrow
19:00 Padded Archer Armor
25:38 Imperial Age
23:57 Leather Archer Armor
25:26 Stone Mining
26:31 Wheelbarrow
26:33 Bracer
27:46 Ballistics
29:50 Chemistry
30:08 Town Watch
31:09 Hand Cart
35:36 Elite Rattan Archer
38:42 Guilds
38:33 Caravan
47:08 Siege Engineers
47:17 Town Patrol
50:54 Coinage
56:06 Elite Fire Lancer
57:29 Chatras
59:09 Arson
59:24 Squires
59:26 Scale Mail Armor
59:37 Forging
61:26 Chain Mail Armor
61:47 Iron Casting
68:35 Banking
Yuzu
8:17 Feudal Age
8:47 Horse Collar
8:53 Double-Bit Axe
9:02 Gold Mining
9:02 Stone Mining
9:49 Wheelbarrow
14:32 Castle Age
13:57 Bloodlines
14:56 Scale Barding Armor
15:35 Bow Saw
18:49 Husbandry
18:38 Loom
19:38 Chain Barding Armor
20:46 Heavy Plow
25:18 Hand Cart
24:49 Town Watch
25:51 Gold Shaft Mining
28:48 Forging
35:56 Imperial Age
34:05 Fletching
34:27 Thumb Ring
35:15 Bodkin Arrow
35:21 Padded Archer Armor
35:25 Tuntian
36:17 Leather Archer Armor
35:29 Light Cavalry
36:42 Bracer
37:44 Chemistry
37:11 Parthian Tactics
37:20 Conscription
37:31 Ming Guang Armor
37:45 Scale Mail Armor
37:46 Squires
39:43 Ring Archer Armor
52:35 Ballistics
60:19 Iron Casting
66:20 Caravan
70:47 Treadmill Crane
75:05 Blast Furnace
77:39 Crop Rotation
77:31 Fortified Wall
77:32 Masonry
TW_andy.fet
8:23 Feudal Age
12:39 Castle Age
11:37 Double-Bit Axe
16:57 Imperial Age
24:28 Double-Bit Axe
29:20 Gold Mining
29:20 Stone Mining
30:40 Padded Archer Armor
30:30 Fletching
32:49 Thumb Ring
35:12 Wheelbarrow
37:25 Leather Archer Armor
37:06 Bodkin Arrow
37:11 Scale Mail Armor
37:22 Forging
37:17 Scale Barding Armor
40:24 Bow Saw
40:51 Gold Shaft Mining
40:03 Horse Collar
45:01 Wheelbarrow
44:32 Loom
49:53 Hand Cart
54:50 Bloodlines
54:40 Husbandry
56:36 Scale Barding Armor
57:52 Conscription
59:22 Chain Barding Armor
62:02 Capped Ram
63:35 Plate Barding Armor
65:01 Two-Man Saw
65:18 Ring Archer Armor
64:48 Bracer
66:09 Iron Casting
66:12 Caravan
76:14 Town Watch
TW_Dinko
7:41 Feudal Age
8:54 Horse Collar
11:37 Castle Age
9:46 Double-Bit Axe
13:17 Bow Saw
13:08 Heavy Plow
17:54 Wheelbarrow
19:07 Forging
18:58 Scale Mail Armor
19:14 Loom
19:07 Pikeman
19:14 Man-at-Arms
19:54 Squires
20:34 Iron Casting
20:29 Long Swordsman
21:32 Chain Mail Armor
21:19 Gold Mining
23:04 Gold Shaft Mining
22:43 Pikeman
27:55 Imperial Age
25:45 Hand Cart
25:16 Town Watch
28:13 Two-Handed Swordsman
28:14 Halberdier
29:56 Blast Furnace
29:26 Plate Mail Armor
29:06 Capped Ram
29:10 Champion
29:58 Siege Ram
36:58 Stone Mining
37:56 Onager
40:25 Siege Onager
46:27 Conscription
46:11 Druzhina
49:32 Siege Engineers
49:40 Caravan
50:11 Coinage
51:18 Two-Man Saw
52:48 Banking
52:19 Fletching
54:06 Chemistry
53:27 Ballistics
53:18 Fortified Wall
53:36 Town Patrol
54:41 Crop Rotation
54:52 Bodkin Arrow
78:38 Padded Archer Armor
79:55 Elite Skirmisher
81:37 Leather Archer Armor
83:24 Ring Archer Armor
斷水流大師兄
7:18 Feudal Age
11:24 Castle Age
10:58 Double-Bit Axe
10:56 Horse Collar
20:15 Wheelbarrow
21:01 Gold Mining
25:08 Imperial Age
22:51 Stone Mining
23:53 Gold Shaft Mining
23:28 Scale Barding Armor
23:34 Forging
23:41 Bow Saw
23:35 Heavy Plow
24:35 Hand Cart
24:59 Stone Shaft Mining
25:29 Chain Barding Armor
25:45 Iron Casting
26:37 Two-Man Saw
26:11 Crop Rotation
26:09 Conscription
27:11 Plate Barding Armor
27:24 Elite War Elephant
28:01 Loom
30:41 Blast Furnace
31:45 Husbandry
31:56 Bloodlines
32:27 Light Cavalry
69:27 Hussar
76:22 Pikeman
76:43 Pikeman
77:23 Squires
77:29 Scale Mail Armor
77:20 Halberdier
81:01 Chain Mail Armor
TW_Jerry YT @TW-aoe2noobs
7:16 Feudal Age
10:54 Castle Age
9:56 Double-Bit Axe
9:53 Horse Collar
12:00 Bow Saw
12:23 Fletching
14:23 Loom
18:53 Husbandry
21:33 Bodkin Arrow
23:57 Ballistics
23:58 Bloodlines
27:05 Imperial Age
25:44 Wheelbarrow
25:14 Padded Archer Armor
25:35 Bloodlines
27:47 Bracer
28:49 Chemistry
29:01 Leather Archer Armor
30:36 Hand Cart
33:20 Elite Mangudai
36:05 Thumb Ring
36:50 Gold Mining
36:51 Stone Mining
45:13 Fortified Wall
46:21 Capped Ram
47:24 Drill
47:12 Siege Engineers
48:04 Conscription
48:26 Siege Ram
51:10 Caravan
51:37 Scale Barding Armor
51:43 Forging
54:06 Sappers
62:53 Nomads
68:28 Chain Barding Armor
68:43 Iron Casting
68:24 Crossbowman
68:36 Light Cavalry
70:40 Town Watch
85:44 Coinage
91:29 Blast Furnace
Connection lost

Rejoining the realm…

Still unreachable

The connection could not be restored.

Session expired

The server has moved on; the page needs a fresh start.